AoeStats
← Oppy96

Hill Fort

505489732Analyzed
3v3 RM · 23d ago on Sep 9, 2026· 35m 47s· 6 players
Game mode
Random Map
Map size
Normal (6 player)
Population
200
Speed
Normal
Resources
Standard
Victory
Conquest
Starting age
Dark Age
Ending age
Imperial Age
RankedLock teamsTeams togetherTeam positionsShared explorationLock speedFull tech treeHidden civsTurbo modeCheats
Victory
Defeat
🇬🇧 Malay · United Kingdom
1357
+16
🇪🇸 Japanese · Spain
1303
+18
🇫🇮 Tatars · Finland
1289
+19
🇪🇸 Poles · Spain
1399
-20
🇺🇸 Vietnamese · United States
1366
-18
🇧🇷 Spanish · Brazil
1281
-15
7777777
10:53 Feudal Age
17:39 Castle Age
15:56 Fishing Lines
16:17 Double-Bit Axe
17:19 Loom
18:24 Gillnets
19:06 Bow Saw
20:08 Stone Mining
20:09 Gold Mining
21:53 Fletching
25:10 Wheelbarrow
24:33 Bodkin Arrow
25:29 Town Watch
30:20 Imperial Age
28:29 Padded Archer Armor
28:43 Bloodlines
28:34 Husbandry
29:40 Gold Shaft Mining
31:25 Conscription
31:02 Elite Keshik
32:13 Heavy Camel Rider
33:22 Scale Barding Armor
35:27 Elite Steppe Lancer
Oppy96
8:55 Loom
11:20 Feudal Age
15:59 Castle Age
15:10 Fletching
16:40 Bodkin Arrow
23:34 Gold Mining
30:41 Thumb Ring
30:37 Padded Archer Armor
30:28 Double-Bit Axe
30:23 Horse Collar
31:19 Gold Shaft Mining
30:35 Stone Mining
31:59 Town Watch
32:51 Wheelbarrow
32:39 Ballistics
33:53 Fervor
36:28 Imperial Age
34:14 Hand Cart
34:45 Town Patrol
36:15 Husbandry
36:25 Bloodlines
God Of The Sea People
8:09 Loom
10:38 Feudal Age
11:29 Man-at-Arms
18:13 Wheelbarrow
21:31 Castle Age
21:37 Double-Bit Axe
21:32 Horse Collar
22:05 Gold Mining
22:31 Bow Saw
23:09 Heavy Plow
25:25 Scale Barding Armor
27:25 Husbandry
28:16 Gold Shaft Mining
MTC
11:36 Feudal Age
11:18 Loom
17:30 Castle Age
15:38 Horse Collar
15:51 Double-Bit Axe
16:44 Bloodlines
18:20 Light Cavalry
20:05 Husbandry
25:09 Elite Skirmisher
27:12 Fletching
27:23 Padded Archer Armor
29:51 Wheelbarrow
30:11 Gold Mining
30:15 Stone Mining
31:01 Ballistics
31:26 Bodkin Arrow
31:47 Leather Archer Armor
32:56 Bow Saw
32:49 Heavy Plow
36:31 Imperial Age
34:44 Forging
34:40 Scale Barding Armor
35:26 Thumb Ring
36:23 Iron Casting
HAHA
2:34 Loom
10:41 Feudal Age
17:20 Castle Age
15:36 Double-Bit Axe
15:53 Stone Mining
19:52 Wheelbarrow
20:58 Gold Mining
21:21 Bow Saw
20:52 Horse Collar
21:25 Padded Archer Armor
21:34 Caravan
22:08 Fletching
24:19 Leather Archer Armor
27:47 Bodkin Arrow
27:43 Town Watch
28:14 Hand Cart
35:13 Bloodlines
35:03 Husbandry
Noobis
9:45 Feudal Age
11:35 Loom
16:05 Castle Age
14:12 Double-Bit Axe
18:37 Fletching
19:34 Gold Mining
19:58 Bow Saw
21:05 Bodkin Arrow
25:46 Padded Archer Armor
31:23 Ballistics
34:26 Wheelbarrow
Connection lost

Rejoining the realm…

Still unreachable

The connection could not be restored.

Session expired

The server has moved on; the page needs a fresh start.